 Dungeon Crawl Stone Soup version 0.26.1-11-gd32895ea62 (webtiles) character file.

Game seed: 9302274800660973165

13094 Revguard the Ogre Mage (level 12, -18/122 HPs)
             Began as an Ogre Venom Mage on Apr 17, 2021.
             Was a Follower of Uskayaw.
             Demolished by a titanic slime creature (27 damage)
             ... on level 12 of the Dungeon on Apr 18, 2021.
             The game lasted 00:58:14 (14839 turns).

Revguard the Ogre Mage (Ogre Venom Mage)           Turns: 14839, Time: 00:58:15

Health: -18/122    AC: 17    Str: 15    XL:     12   Next: 2%
Magic:  16/26      EV: 15    Int: 18    God:    Uskayaw [*.....]
Gold:   562        SH:  0    Dex: 11    Spells: 12/32 levels left

rFire    . . .     SeeInvis .   s - +2 giant spiked club (flame)
rCold    . . .     Faith    .   (shield currently unavailable)
rNeg     . . .     Spirit   .   y - +2 acid dragon scales
rPois    .         Reflect  .   (helmet restricted)
rElec    .         Harm     .   j - +2 cloak {rCorr}
rCorr    +         Rampage  .   (gloves unavailable)
Will     ++...                  (boots unavailable)
Stlth    +.........             F - amulet of magic regeneration
HPRegen  0.30/turn              h - +4 ring of evasion
MPRegen  0.45/turn              t - ring of willpower

@: no status effects
A: large, unfitting armour, icy blue scales 1, yellow scales 1, shaggy fur 1,
tough skin 1
a: Renounce Religion, Stomp


You were on level 12 of the Dungeon.
You worshipped Uskayaw.
Uskayaw was noncommittal.
You visited 1 branch of the dungeon, and saw 12 of its levels.
You also visited: Sewer.

You collected 642 gold pieces.
You spent 80 gold pieces at shops.

Inventory:

Hand Weapons
 d - a +0 mace
 s - a +2 giant spiked club of flaming (weapon)
Armour
 j - a +2 cloak of preservation (worn)
 y - +2 acid dragon scales (worn)
Jewellery
 h - a +4 ring of evasion (left hand)
 o - an uncursed amulet of faith
 p - an uncursed ring of flight
 t - a ring of willpower (right hand)
 x - an uncursed amulet of guardian spirit
 A - an uncursed ring of willpower
 D - an uncursed ring of fire
 F - an amulet of magic regeneration (around neck)
Wands
 a - a wand of random effects (22)
 k - a wand of digging (7)
 m - a wand of flame (4)
 z - a wand of iceblast (8)
 C - a wand of polymorph (7)
 G - a wand of acid (4)
Scrolls
 c - 9 scrolls of remove curse
 i - 8 scrolls of teleportation
 n - 3 scrolls of fog
 r - 2 scrolls of identify
 u - a scroll of amnesia
 B - 2 scrolls of fear
 E - a scroll of magic mapping
Potions
 b - 3 potions of might
 e - 3 potions of mutation
 f - 11 potions of curing
 l - 3 potions of brilliance
 q - 2 potions of invisibility
 v - 2 potions of resistance
 w - a potion of cancellation
 H - a potion of haste


   Skills:
 * Level 8.4 Fighting
 + Level 5.3 Maces & Flails
 + Level 2.3 Armour
 * Level 5.6 Dodging
 - Level 1.4 Stealth
 * Level 10.5 Spellcasting
 + Level 1.3 Conjurations
 + Level 1.8 Summonings
 + Level 4.2 Transmutations
 + Level 3.8 Fire Magic
 * Level 4.1 Air Magic
 + Level 6.1 Poison Magic
 * Level 6.8 Invocations


You had 12 spell levels left.
You knew the following spells:

 Your Spells              Type           Power        Failure   Level
a - Sting                 Tmut/Pois      100%         1%          1
b - Poisonous Vapours     Pois/Air       56%          1%          2
c - Ignite Poison         Fire/Tmut/Pois 26%          4%          3
d - Mephitic Cloud        Conj/Pois/Air  23%          6%          3
e - Olgreb's Toxic Radia  Pois           31%          9%          4
f - Static Discharge      Conj/Air       19%          10%         3
g - Summon Lightning Spi  Summ/Air       20%          30%         4

Your spell library contained the following spells:

 Spells                   Type           Power        Failure   Level
 Swiftness                Air            24%          2%          2
 Shock                    Conj/Air       76%          3%          1
 Summon Small Mammal      Summ           64%          4%          1
 Magic Dart               Conj           56%          6%          1
 Call Imp                 Summ           16%          8%          2
 Searing Ray              Conj           28%          9%          2
 Animate Skeleton         Necr           18%          11%         1
 Apportation              Tloc           18%          11%         1
 Corona                   Hex            10%          11%         1
 Call Canine Familiar     Summ           16%          14%         3
 Inner Flame              Hex/Fire       16%          14%         3
 Slow                     Hex            9%           16%         2
 Airstrike                Air            12%          19%         4
 Summon Guardian Golem    Hex/Summ       12%          22%         3
 Dazzling Flash           Conj/Hex       22%          24%         3
 Portal Projectile        Hex/Tloc       18%          30%         3
 Summon Ice Beast         Ice/Summ       12%          56%         4
 Fulminant Prism          Conj/Hex       5%           61%         4
 Iskenderun's Mystic Bla  Conj/Tloc      11%          61%         4
 Lightning Bolt           Conj/Air       9%           67%         5
 Cause Fear               Hex            4%           71%         4
 Leda's Liquefaction      Hex/Erth       4%           71%         4


Dungeon Overview and Level Annotations

Branches:
Dungeon (13/15)            Temple (0/1) D:6           Sewer (visited)
   Lair: D:8-11         Orc: D:9-12      Vaults: D:13-14

Altars:
Ashenzari
Cheibriados
Dithmenos
Elyvilon
Fedhas
Gozag
Kikubaaqudgha
Okawaru
Sif Muna
Trog
Uskayaw
Vehumet
Wu Jian
Yredelemnul
Zin

Shops:
D:7 *   D:12 [


Innate Abilities, Weirdness & Mutations

You are too large for most types of armour.
You have tough skin. (AC +1)
You are partially covered in icy blue scales. (AC +2)
You are partially covered in yellow scales. (AC +2)
You are covered in fur. (AC +1)


Message History

Unknown command.
You feel much better. The titanic slime creature hits you!!!
* * * LOW HITPOINT WARNING * * *
Okay, then.
Okay, then.
Okay, then.
You stomp with the beat, sending a shockwave through the revellers around you!
The titanic slime creature is severely wounded.
You can no longer stomp with the beat.
The titanic slime creature closely misses you.
You can now stomp with the beat.
Aiming: Corrosive Bolt
Press: ? - help, Shift-Dir - straight line, f/p - titanic slime creature
Aim: a titanic slime creature (severely wounded, covered in acid, 6% to evade)
The bolt of acid hits the titanic slime creature!
The titanic slime creature is splashed with acid.
The titanic slime creature seems to be corroded for longer.
The titanic slime creature is almost dead.
The titanic slime creature hits you!!
You die...

##.#...###.
###(.........
#...#..####.. ###.###.##
#...# #.# #.### #.##
###.# #..######. #...#
##........ #@###
####.##.# #J# ##...#..
....J...# ##.......
......##########........
...... ................
..... ########........
../.. ##....... ...?
##...#.. .... #######


You could see a titanic slime creature (corroded).

Vanquished Creatures
  Harold (D:8)
  A hydra (D:13)
  A centaur warrior (D:13)
  3 two-headed ogres
  An orc knight (D:13)
  An ugly thing (D:12)
  Maggie (D:8)
  Grinder (D:5)
  A vampire (D:12)
  A wraith (D:13)
  A shadow (D:13)
  A nameless horror (D:13)
  9 yaks (D:12)
  Grum (D:10)
  An acid dragon (D:13)
  A water moccasin (D:10)
  2 sky beasts
  3 orc warriors
  2 ice beasts
  A black bear (D:6)
  2 necrophages
  2 phantoms
  4 ogres
  2 wolves (D:10)
  4 centaurs
  3 big kobolds
  7 bullfrogs
  A water moccasin zombie (D:5)
  6 scorpions
  4 killer bees (D:8)
  7 wights
  An electric eel (D:13)
  A quasit (D:10)
  3 hounds
  A bullfrog zombie (D:8)
  A centaur zombie (D:7)
  6 orc priests
  Crazy Yiuf (D:3)
  11 orc wizards
  A centaur skeleton (D:6)
  Ijyb (D:3)
  5 iguanas
  Terence (D:3)
  17 worker ants
  A killer bee zombie (D:7)
  Robin (D:2)
  4 gnolls
  18 adders
  3 shadow imps
  4 white imps
  An ufetubus (D:5)
  4 oozes
  An adder zombie (D:8)
  An adder skeleton (D:6)
  4 worms
  2 dart slugs
  10 leopard geckos
  32 orcs
  8 giant cockroaches
  14 goblins
  10 hobgoblins
  15 jackals
  3 quokkas
  4 ball pythons
  7 bats
  5 frilled lizards
  34 kobolds
  A leopard gecko skeleton (D:8)
  A quokka skeleton (D:8)
  11 rats
325 creatures vanquished.

Vanquished Creatures (collateral kills)
  2 ugly things
  A warg (D:13)
  An acid dragon (D:12)
  A wight (D:12)
  An orc (D:12)
  A quokka (D:12)
7 creatures vanquished.

Vanquished Creatures (others)
  2 fungi (Sewer)
  7 plants (Sewer)
9 creatures vanquished.

Grand Total: 341 creatures vanquished

Notes
Turn   | Place    | Note
-------+----------+-------------------------------------------
     0 | D:1      | Revguard the Ogre Venom Mage began the quest for the Orb.
     0 | D:1      | Reached XP level 1. HP: 16/16 MP: 3/3
   220 | D:1      | Reached XP level 2. HP: 26/26 MP: 3/5
   296 | D:1      | Reached skill level 1 in Fighting
   337 | D:1      | Reached skill level 1 in Transmutations
   426 | D:1      | Learned a level 2 spell: Poisonous Vapours
   529 | D:1      | Reached XP level 3. HP: 33/33 MP: 3/6
   888 | D:2      | Learned a level 3 spell: Ignite Poison
  1422 | D:2      | Noticed Robin
  1427 | D:2      | Reached skill level 3 in Spellcasting
  1440 | D:2      | Reached XP level 4. HP: 24/41 MP: 2/8
  1440 | D:2      | Killed Robin
  1607 | D:2      | Learned a level 3 spell: Mephitic Cloud
  2481 | D:3      | Noticed Ijyb
  2495 | D:3      | Killed Ijyb
  2496 | D:3      | Reached skill level 1 in Armour
  2496 | D:3      | Reached XP level 5. HP: 38/49 MP: 5/9
  2737 | D:3      | Reached skill level 1 in Maces & Flails
  2821 | D:3      | Noticed Terence
  2836 | D:3      | Killed Terence
  3133 | D:3      | Reached XP level 6. HP: 10/57 MP: 5/11
  3486 | D:3      | Found a runed translucent door.
  3487 | D:3      | Noticed Crazy Yiuf
  3524 | D:3      | Found a bloodstained altar of Trog.
  3617 | D:3      | Found a shadowy altar of Dithmenos.
  3678 | D:3      | Killed Crazy Yiuf
  3679 | D:3      | Reached skill level 1 in Fire Magic
  3791 | D:4      | Reached skill level 4 in Spellcasting
  3920 | D:4      | Found a basalt altar of Yredelemnul.
  3957 | D:4      | Reached XP level 7. HP: 36/65 MP: 1/13
  4197 | D:4      | Found a white marble altar of Elyvilon.
  4239 | D:4      | Learned a level 4 spell: Olgreb's Toxic Radiance
  4370 | D:4      | Reached skill level 1 in Air Magic
  4371 | D:4      | Found a glowing drain.
  4380 | Sewer    | Entered a sewer
  4383 | Sewer    | Gained mutation: You are covered in fur. (AC +1) [potion of
                  | mutation]
  4383 | Sewer    | Gained mutation: You are partially covered in yellow
                  | scales. (AC +2) [potion of mutation]
  4383 | Sewer    | Gained mutation: You are partially covered in icy blue
                  | scales. (AC +2) [potion of mutation]
  5232 | D:4      | Found a hide-covered altar of Uskayaw.
  5234 | D:4      | Noticed a +0 dagger
  5235 | D:4      | Noticed a +0 dagger
  5341 | D:4      | Became a worshipper of Uskayaw the Reveller
  5363 | D:5      | Entered Level 5 of the Dungeon
  5377 | D:5      | Reached * piety under Uskayaw
  5407 | D:5      | Reached skill level 5 in Spellcasting
  5696 | D:5      | Reached XP level 8. HP: 75/75 MP: 3/15
  5794 | D:5      | Reached skill level 1 in Invocations
  6237 | D:5      | Noticed Grinder
  6242 | D:5      | Killed Grinder
  6509 | D:5      | Reached ** piety under Uskayaw
  6663 | D:5      | Found an ornate altar of the Wu Jian Council.
  6670 | D:5      | Noticed a spectral centipede
  6670 | D:5      | Noticed a spectral black mamba
  6941 | D:6      | Found an opulent altar of Gozag.
  6953 | D:6      | Found a glowing silver altar of Zin.
  7126 | D:6      | Found a staircase to the Ecumenical Temple.
  7138 | D:6      | Reached skill level 6 in Spellcasting
  7228 | D:6      | Found a glowing silver altar of Zin.
  7424 | D:6      | Reached XP level 9. HP: 84/84 MP: 5/18
  8119 | D:6      | Found an iron altar of Okawaru.
  8183 | D:6      | Found an ancient bone altar of Kikubaaqudgha.
  8195 | D:6      | Found a shimmering blue altar of Sif Muna.
  8208 | D:6      | Found a radiant altar of Vehumet.
  8220 | D:6      | Identified Vehumet's Compendium of Battle Magic
  8230 | D:6      | Learned a level 3 spell: Static Discharge
  8539 | D:7      | Reached skill level 5 in Poison Magic
  8558 | D:7      | Reached skill level 7 in Spellcasting
  9081 | D:7      | Reached skill level 5 in Fighting
  9103 | D:7      | Found Tejastre's General Store.
  9109 | D:7      | Bought a potion of curing for 30 gold pieces
  9109 | D:7      | Bought a scroll of identify for 20 gold pieces
  9109 | D:7      | Bought a potion of curing for 30 gold pieces
 10283 | D:8      | Noticed Harold
 10288 | D:8      | Killed Harold
 10289 | D:8      | Reached skill level 8 in Spellcasting
 10289 | D:8      | Reached XP level 10. HP: 74/98 MP: 12/22
 10294 | D:8      | Reached *** piety under Uskayaw
 10380 | D:8      | Found a broken altar of Ashenzari.
 10646 | D:8      | Noticed Maggie
 10654 | D:8      | Killed Maggie
 11289 | D:9      | Found a snail-covered altar of Cheibriados.
 11350 | D:9      | Learned a level 4 spell: Summon Lightning Spire
 11390 | D:9      | Found a blossoming altar of Fedhas.
 11652 | D:9      | Noticed a two-headed ogre
 11657 | D:9      | Killed a two-headed ogre
 11658 | D:9      | Reached skill level 9 in Spellcasting
 11711 | D:9      | Noticed a two-headed ogre
 11717 | D:9      | Killed a two-headed ogre
 11718 | D:9      | Reached skill level 1 in Conjurations
 11718 | D:9      | Reached skill level 5 in Invocations
 11904 | D:9      | Noticed a red ugly thing
 11913 | D:9      | Killed a red ugly thing
 11914 | D:9      | Reached XP level 11. HP: 18/109 MP: 16/24
 12728 | D:10     | Entered Level 10 of the Dungeon
 12739 | D:10     | Reached skill level 1 in Summonings
 12746 | D:10     | Noticed Grum
 12754 | D:10     | Killed Grum
 13033 | D:10     | You fall into a shaft and drop 3 floors!
 13163 | D:13     | Noticed a five-headed hydra
 13168 | D:13     | Killed a five-headed hydra
 13355 | D:13     | Noticed a purple ugly thing
 13362 | D:13     | Killed a purple ugly thing
 13492 | D:13     | Noticed a centaur warrior
 13498 | D:13     | Killed a centaur warrior
 13499 | D:13     | Reached skill level 5 in Maces & Flails
 13662 | D:13     | Noticed an orc knight
 13668 | D:13     | Killed an orc knight
 13669 | D:13     | Reached skill level 5 in Dodging
 13669 | D:13     | Reached skill level 10 in Spellcasting
 14229 | D:12     | Found Kogowikhloh's Antique Armour Boutique.
 14230 | D:12     | Reached **** piety under Uskayaw
 14380 | D:12     | Noticed a red ugly thing
 14395 | D:12     | Killed a red ugly thing
 14653 | D:12     | Noticed a two-headed ogre
 14660 | D:12     | Killed a two-headed ogre
 14777 | D:12     | Reached XP level 12. HP: 120/122 MP: 13/26
 14839 | D:12     | Demolished by a titanic slime creature

Illustrated notes

Levels and vault maps discovered:
D:1:      dpeg_arrival_three_same_balls, layout_rooms
D:2:      layout_loops_ring, minmay_cut_off, uniq_robin
D:3:      layout_basic, grunt_dithmenos_smoke_and_mirrors,
          trog_three_pillars_becter, uniq_terence, uniq_crazy_yiuf_cottage,
          uniq_ijyb
D:4:      layout_gridville, kennysheep_ying_yang, dancing_weapons_uskayaw,
          portal_sewer_entry_d
D:5:      layout_gridville, pdpol_wu_jian_five_deadly_venoms, uniq_grinder
D:6:      layout_basic, pdpol_temple_overflow_zin_treasury_gozag_greed,
          palyth_temple_overflow_mages, general_overflow_altar, temple_doors_e,
          basic_altar
D:7:      layout_basic, serial_co_window_serial, co_window_corner_a,
          co_window_corner_a, co_window_corner_a, co_window_of_opportunity_a,
          co_window_paths_a, co_window_corner_ca, co_window_unsneaky_path_a,
          co_window_broadway_a, co_window_paths_c, co_window_4corner_a,
          co_window_paths_d, serial_shops, shop
D:8:      layout_rooms, evilmike_ruin_ashenzari, minmay_misc_feat_encased,
          uniq_harold, uniq_maggie
D:9:      layout_irregular_city, slow_altar_1, basic_altar
D:10:     layout_loops_ring, kennysheep_orc_monster_closet_entryway,
          bloody_trog, uniq_grum, uniq_gastronok
D:12:     layout_rooms, serial_shops, nicolae_shop_statue_plus
D:13:     layout_loops_ring, lightli_minifort

Skill      XL: |  1  2  3  4  5  6  7  8  9 10 11 |
---------------+----------------------------------+-----
Fighting       | 1 2 3 4 6 7 8 |  8.4
Poison Magic   | 3 4 5 6 |  6.1
Transmutations | 1 2 3 4 |  4.2
Spellcasting   | 3 4 5 6 8 9 10 | 10.5
Dodging        | 2 3 4 5 |  5.6
Armour         | 1 2 |  2.3
Maces & Flails | 1 2 3 4 5 |  5.3
Fire Magic     | 1 2 3 |  3.8
Air Magic      | 1 2 3 4 |  4.1
Invocations    | 2 4 5 6 |  6.8
Conjurations   | 1 |  1.3
Summonings     | 1 |  1.8
Stealth        | |  1.4

Action                   |  1- 3 |  4- 6 |  7- 9 | 10-12 || total
-------------------------+-------+-------+-------+-------++-------
Melee: Mace              |    56 |    85 |       |       ||   141
       Giant spiked club |       |     5 |   254 |   135 ||   394
 Cast: Sting             |    24 |    38 |    21 |     2 ||    85
       Poisonous Vapours |    16 |    25 |    61 |    33 ||   135
       Mephitic Cloud    |       |     2 |    19 |    24 ||    45
       Ignite Poison     |       |     1 |    29 |    37 ||    67
       Olgreb's Toxic Ra |       |       |    10 |    17 ||    27
       Static Discharge  |       |       |     1 |       ||     1
       Summon Lightning  |       |       |       |     6 ||     6
Invok: Stomp             |       |       |       |     5 ||     5
Evoke: Wand              |       |       |       |     2 ||     2
  Use: Scroll            |       |    12 |    12 |     6 ||    30
       Potion            |       |     5 |     6 |     3 ||    14
 Stab: Invisible         |       |     1 |       |       ||     1
       Sleeping          |       |       |     1 |       ||     1
       Paralysed         |       |       |       |     2 ||     2
       Distracted        |       |       |       |     1 ||     1
Armor: Robe              |    15 |    22 |   150 |    12 ||   199
       Steam dragon scal |       |       |       |    41 ||    41
       Acid dragon scale |       |       |       |    21 ||    21
Dodge: Dodged            |    53 |   102 |   331 |   160 ||   646
